 Dungeon Crawl Stone Soup version 0.17.0-23-g0de4337 (webtiles) character file.

11 radek the Digger (level 2, -1/15 HPs)
             Began as a Gargoyle Earth Elementalist on Nov 14, 2015.
             Killed from afar by Natasha (8 damage)
             ... with a wand of flame
             ... on level 2 of the Dungeon.
             The game lasted 00:02:35 (1322 turns).

radek the Digger (Gargoyle Earth Elementalist)      Turns: 1322, Time: 00:02:35

Health: -1/15      AC:  4    Str: 11    XL:     2   Next: 29%
Magic:  4/5        EV: 12    Int: 15    God:
Gold:   62         SH:  0    Dex: 10    Spells: 1 memorised, 4 levels left

rFire  . . .     SeeInvis .     b - 19 stones
rCold  . . .     Clarity  .     a - +0 robe
rNeg   + . .     SustAt   .     (no shield)
rPois  ∞         Gourm    .     (no helmet)
rElec  +         Spirit   .     (no cloak)
rCorr  .         Warding  .     (no gloves)
rMut   .         Stasis   .     (no boots)
MR     .....                    (no amulet)
Stlth  ++........               (no ring)
                                (no ring)

@: not resistant to hostile enchantments, unstealthy
A: negative energy resistance 1, electricity resistance, unbreathing,
petrification resistance, rot immunity, AC +2
a: no special abilities


You were on level 2 of the Dungeon.
You were not hungry.

You visited 1 branch of the dungeon, and saw 2 of its levels.

You collected 62 gold pieces.

Inventory:

Hand Weapons
 h - a +0 club
 p - a +0 dagger
Missiles
 b - 19 stones (in hand)
Armour
 a - a +0 robe (worn)
Scrolls
 f - a scroll of magic mapping {unknown}
 i - a scroll of teleportation {unknown}
 j - a scroll of recharging {unknown}
 k - a scroll of identify {unknown}
 o - a scroll of random uselessness {unknown}
Potions
 e - a potion of cancellation {unknown}
 g - a potion of curing {unknown}
 m - a potion of brilliance {unknown}
 n - a potion of might {unknown}
Books
 c - a book of Geomancy

   Spells                             Type                      Level
   a - Sandblast                      Earth                        1
   b - Stoneskin                      Transmutation/Earth          2
   c - Passwall                       Transmutation/Earth          3
   d - Stone Arrow                    Conjuration/Earth            3
   e - Petrify                        Transmutation/Earth          4
   f - Lee's Rapid Deconstruction     Earth                        5
Comestibles
 d - a bread ration
 l - 2 meat rations


   Skills:
 - Level 1.5 Dodging
 - Level 2.1 Stealth
 + Level 2.2 Spellcasting
   Level 0.7 Transmutations
 + Level 4.2 Earth Magic


You had 4 spell levels left.
You knew the following spells:

 Your Spells              Type           Power        Failure   Level  Hunger
a - Sandblast             Erth           ##....       4%          1    #......


Dungeon Overview and Level Annotations

Branches:
Dungeon (2/15)

Altars:

Annotations:
D:2 Natasha


Innate Abilities, Weirdness & Mutations

You are resistant to torment.
Your stone body is resilient (AC +2).
You are immune to poison.
You resist negative energy.
You are resistant to electric shocks.
You can survive without breathing.
You are immune to petrification.
You are immune to rotting.


Message History

Press: ? - help, Shift-Dir - straight line, f - crimson imp
Aim: a crimson imp (summoned)
The rocky blast misses the crimson imp.
The crimson imp hits you.
Natasha howls an incantation.
Natasha glows brightly for a moment.
Natasha zaps a wand.
The puff of flame hits you!
Really attack while wielding your 19 stones? [Y]es or [N]o only, please.
Really attack while wielding your 19 stones? [Y]es or [N]o only, please.
Really attack while wielding your 19 stones?
Okay, then.
Natasha mumbles some strange words.
The crimson imp blinks!
Natasha howls an incantation.
You feel troubled.
The crimson imp blinks!
Natasha zaps a wand.
The puff of flame hits you!
Ouch! That really hurt!
You die...

.......#........#
.......5%.......
#..5#.....#
#.........+
#...h.....#
#.........#
##+#......#
#......#
#@######.#
#.<.......
#.######.# ...#
#.... ###.# ..#
##.


You could see Natasha and 2 crimson imps.

Vanquished Creatures
  2 giant cockroaches
  4 hobgoblins (D:1)
  2 bats (D:1)
  A goblin (D:1)
  2 rats (D:1)
11 creatures vanquished.

Notes
Turn   | Place    | Note
--------------------------------------------------------------
     0 | D:1      | radek the Gargoyle Earth Elementalist began the quest for the Orb.
     0 | D:1      | Reached XP level 1. HP: 10/10 MP: 3/3
   875 | D:1      | Reached XP level 2. HP: 13/15 MP: 5/5
   918 | D:1      | Reached skill level 4 in Earth Magic
  1310 | D:2      | Noticed Natasha
  1322 | D:2      | Killed from afar by Natasha

Action                   || total
-------------------------++-------
Melee: Club              ||    40
       Unarmed           ||    16
 Cast: Sandblast         ||     4
 Stab: Sleeping          ||     1
  Eat: Chunk             ||     1
